Description

DISCLAIMER: In the VOD, I show you a game using this build against a Terran player. But it's the same build.

This build order in really easy to execute. He is designed for beginners or new player who want a solid build order to improve and to reach a good level.

The goal is to do play defensively and reach a strong Colossus/Carrier composition.

This build can be done against Zerg, Terran or Protoss with almost no variation from Bronze to Master. The build is really effective and he already helped many Protoss to go to diamond or Master.

The only variation is the position of the wall.

Why i did this build order ?

  • Easy to do for beginners
  • Universal: Can be done against Zerg, Terran and Protoss
  • Easy to understand
  • Help you to improve your mechanics by focusing on macro
  • Macro oriented
  • Include scouting timing to help you learning how to scout
  • Can be done from bronze to master
  • Really powerful against most of cheese/All-in

Few tips :

  • Do you first 3 buildings inside your wall
  • Don't commit on micro, macro is the most important thing
  • Never stop probe production (except if you want a precise tech or an expand)
  • Too many minerals = more shield batteries
  • Gas is REALLY important in this build because you will play heavy tech.
  • Focus on one simple army composition: Colossus / Void then Colossus / Carrier.
  • Learn to scout step by step: Understand why he is taking gas, why he doesn't expand etc...

This build is designed to be good in defense and on the late game. The hardest part is probably the mid game. You can use it without adaptation until master 1.

VOD

https://youtu.be/AbRrQXcsSbI

Replay - PvX zerg

Build Order

Get SALT Encoding   

  12  0:00  Probe  
  13  0:12  Probe  
  14  0:19  Pylon  
  14  0:24  Probe (Chrono Boost)  
  15  0:37  Probe (Chrono Boost)  
  15  0:40  Gateway  
  16  0:43  Probe  
  16  0:47  Assimilator  
  17  0:55  Probe (Chrono Boost)  
  18  1:06  Assimilator  
  18  1:08  Probe (Chrono Boost)  
  19  1:14  Probe (Chrono Boost)  
  20  1:22  Probe  
  21  1:27  Cybernetics Core  
  21  1:34  Probe  
  21  1:39  Pylon  
  23  2:01  Nexus  
  23  2:06  Stalker (Chrono Boost)  
  23  2:12  Warp Gate  
  25  2:21  Stargate  
  26  2:33  Stalker  
  28  2:42  Shield Battery  
  31  3:07  Pylon  
  31  3:11  Oracle (Chrono Boost)  
  36  3:24  Pylon  
  38  3:35  Void Ray  
  47  3:56  Robotics Facility  
  47  4:06  Assimilator x2  
  49  4:17  Void Ray (Chrono Boost)  
  55  4:27  Pylon  
  57  4:43  Observer (Chrono Boost)  
  60  4:57  Nexus  
  62  5:02  Immortal (Chrono Boost)  
  69  5:22  Robotics Bay  
  69  5:24  Fleet Beacon  
  70  5:39  Immortal (Chrono Boost)  
  80  6:08  Colossus (Chrono Boost)  
  80  6:10  Carrier (Chrono Boost)  
  96  6:30  Shield Battery  
  100  6:43  Extended Thermal Lance  
  101  6:48  Stargate  
  104  7:00  Colossus (Chrono Boost)  
  104  7:02  Protoss Air Weapons Level 1 (Chrono Boost)  
  104  7:06  Assimilator x2  
  108  7:15  Shield Battery x2  
  115  7:31  Carrier (Chrono Boost)  
  115  7:40  Forge  
  115  7:42  Carrier (Chrono Boost)  
  121  7:51  Gateway  
  121  7:52  Colossus (Chrono Boost)  
  127  8:11  Nexus  
  126  8:17  Carrier (Chrono Boost)  
  126  8:19  Protoss Ground Weapons Level 1  
  132  8:31  Photon Cannon x3  
  132  8:36  Photon Cannon x2  
  138  8:43  Photon Cannon  
  138  8:46  Carrier (Chrono Boost)  
  138  8:48  Colossus (Chrono Boost)  
  138  8:49  Observer  
  144  9:04  Protoss Air Weapons Level 2 (Chrono Boost)  
  144  9:14  Carrier  
  150  9:18  Photon Cannon x2  
  150  9:22  Assimilator x2  
  149  9:30  Photon Cannon x2  
  149  9:34  Observer (Chrono Boost)  
  149  9:36  Stargate  
  150  9:50  Mothership (Chrono Boost)  
Spawning Tool Build Advisor. Get it on Overwolf

Go to:

Details

  • Created by: zuka      
  • Published on: Jan 04, 2021
  • Patch: 4.11.0
  • Difficulty: Easy
Show
View Real Time Build Order
Export as new Build Order

Comments (0)

There are no comments. Be the first!

Create an account to comment!